 Dungeon Crawl Stone Soup version 0.31.0-11-ge490571c62 (webtiles) character file.

Game seed: 8565742879726706319

1152 FunkByte the Covered (level 8, -1/67 HPs)
             Began as an Armataur Berserker on Jan 30, 2024.
             Was a Believer of Trog.
             Slain by a killer bee (6 damage)
             ... on level 5 of the Dungeon.
             The game lasted 00:47:03 (5425 turns).

FunkByte the Covered (Armataur Berserker)           Turns: 5425, Time: 00:47:04

Health: -1/67      AC: 10    Str: 24    XL:     8   Next: 16%
Magic:  8/8        EV:  7    Int:  7    God:    Trog [**....]
Gold:   254        SH:  0    Dex: 17    Spells: 7/7 levels left

rFire   + . .        B - +1 whip (elec)
rCold   + . .        (no shield)
rNeg    . . .        l - +0 chain mail
rPois   +            i - +0 helmet
rElec   +            (no cloak)
rCorr   +            (no gloves)
SInv    .            (no barding)
Will    +++..        s - amulet of the acrobat Stlth
                     u - +6 ring of dexterity
HPRegen 1.31/turn    (no ring)
MPRegen 0.11/turn

%: acrobat, roll
@: lethally poisoned (-1 -> -1), resistant, strong-willed, enlightened, flying,
regenerating
A: large, deformed body, tough skin 3, armoured tail, roll 2
a: Renounce Religion, Berserk, Trog's Hand


You were on level 5 of the Dungeon.
You worshipped Trog.
Trog was pleased with you.
You visited 1 branch of the dungeon, and saw 5 of its levels.
You also visited: Sewer.

You collected 299 gold pieces.
You spent 45 gold pieces at shops.

Inventory:

Hand Weapons
 a - a +0 hand axe
 f - a +0 short sword
 r - a +0 long sword
 y - a +0 rapier
 z - a +4 sling
 B - a +1 whip of electrocution (weapon)
 D - the +6 shortbow of a Labyrinth {freeze, rElec rC- Will+ Str+3}
   (You found it on level 5 of the Dungeon)

   Str+3:     It affects your strength (+3).
   rC-:       It makes you vulnerable to cold.
   rElec:     It insulates you from electricity.
   Will+:     It increases your willpower.
Missiles
 k - 8 poisoned darts (quivered)
 n - 29 stones
Armour
 b - a +0 animal skin
 e - a +0 ring mail
 i - a +0 helmet (worn)
 l - a +0 chain mail (worn)
 p - a +0 kite shield
Jewellery
 s - an amulet of the acrobat (around neck)
 u - a +6 ring of dexterity (left hand)
 x - an amulet of magic regeneration
 C - the Hermit's Pendant {Faith Invo=14 Evo=0 MP+5}
   (You found it on level 4 of the Dungeon)

   [amulet of faith]

   Invo=14: It sets your Invocations skill to 14.
   Evo=0: It sets your Evocations skill to 0.
   Faith:     It allows you to gain divine favour quickly.
   MP+5:      It affects your magic capacity (+5).
Wands
 E - a wand of mindburst (8)
Scrolls
 d - 4 scrolls of identify {unknown}
 g - a scroll of enchant armour {unknown}
 h - a scroll of fog {unknown}
 j - 3 scrolls of teleportation
 o - a scroll of immolation {unknown}
 q - a scroll of fear {unknown}
 t - a scroll of blinking {unknown}
 w - 2 scrolls of revelation {unknown}
 A - a scroll of vulnerability {unknown}
 G - a scroll of enchant weapon {unknown}
Potions
 c - a potion of enlightenment
 F - a potion of degeneration {unknown}


   Skills:
 + Level 4.8 Fighting
 + Level 4.0 Long Blades
 + Level 3.1(3.2) Axes
 + Level 0.9(2.3) Maces & Flails
 + Level 1.4 Ranged Weapons
 + Level 0.8 Throwing
 + Level 5.5 Armour
 + Level 2.2 Dodging
 + Level 0.6 Stealth
 + Level 3.6 Shields


You had 7 spell levels left.
You didn't know any spells.
Your spell library contained the following spells:

 Spells                   Type           Power      Damage    Failure   Level
 Apportation              Tloc           0%         N/A       94%         1
 Necrotise                Necr           0%         1d4       94%         1
 Sting                    Conj/Alch      0%         1d3       94%         1
 Summon Small Mammal      Summ           0%         N/A       94%         1
 Jinxbite                 Hex            0%         N/A       98%         2
 Frozen Ramparts          Ice            0%         1d1       100%        3
 Leda's Liquefaction      Alch/Erth      0%         N/A       100%        4
 Petrify                  Alch/Erth      0%         N/A       100%        4
 Alistair's Intoxication  Alch           0%         N/A       100%        5
 Metabolic Englaciation   Hex/Ice        0%         N/A       100%        5


Dungeon Overview and Level Annotations

Branches:
Dungeon (5/15)              Sewer (visited)
 Temple: D:4-7

Altars:
Ashenzari
Dithmenos
Yredelemnul
Zin

Shops:
D:1 *

Annotations:
D:3 1 exclusion


Innate Abilities, Weirdness & Mutations

Armour fits poorly on your strangely shaped body.
You have extremely tough skin. (AC +3)
You have a long armoured tail.
You regenerate magic and health when rolling toward enemies. (Rampage Regen)


Message History

The killer bee barely misses you. The killer bee stings you.
The killer bee stings you but does no damage.
You miss the killer bee.
You feel very sick. The killer bee stings you.
* * * LOW HITPOINT WARNING * * *
The killer bee stings you.
* * * LOW HITPOINT WARNING * * *
The killer bee stings you but does no damage.
The killer bee stings you!
* * * LOW HITPOINT WARNING * * *
Your skin crawls.
You feel strong-willed.
You feel very sick. The killer bee completely misses you.
The killer bee stings you.
* * * LOW HITPOINT WARNING * * *
The killer bee barely misses you. The killer bee stings you.
* * * LOW HITPOINT WARNING * * *
Okay, then.
It was a potion of enlightenment.
You feel very buoyant.
You fly up into the air.
* * * LOW HITPOINT WARNING * * *
You feel very sick. The killer bee barely misses you.
The killer bee stings you but does no damage. x2
The killer bee barely misses you.
Okay, then.
It was a potion of curing.
You feel better.
The killer bee stings you but does no damage. x2
The killer bee stings you.
* * * LOW HITPOINT WARNING * * *
The killer bee stings you.
* * * LOW HITPOINT WARNING * * *
You are poisoned.
The killer bee poisons you!
It was a potion of resistance.
You feel protected.
You feel sick. The killer bee stings you.
You die...

.......# #.###'###+#
....†..# ## #.......#
#.##.......... .#
#.......# #.##..########
.. +###'###+ #.##.... .
.# +...+ #.###.###
#.###.## #..^# #># #.#
#.#!...+ #._.# # #.# #.#
#..yy..# #...# . #.# #.#
#.#@# +...+ . #.#.#
+###'###+. ### #.#.#
#.......#. ... ##.#<####
#.......#.
#.###.......###+###+###'#
#.# #...............
#.###.# #.#
###.......##.### #.....#
#.# #.......# # #####.#
#.# #.......# #.#


You could see 2 killer bees.

Vanquished Creatures
  Grinder (D:5)
  A steam dragon (D:4)
  A centaur (D:5)
  An ogre (D:3)
  A kobold brigand (Sewer)
  A brain worm (Sewer)
  2 scorpions
  A killer bee (D:5)
  A bombardier beetle (D:3)
  2 hounds
  2 jellies
  An orc wizard (D:3)
  A sleepcap (D:4)
  6 adders
  3 dart slugs
  2 ribbon worms
  4 orcs
  12 ball pythons
  7 bats
  8 endoplasms
  7 giant cockroaches
  5 goblins
  2 hobgoblins (D:1)
  6 jackals
  10 kobolds
  6 quokkas
  5 frilled lizards
  5 rats
104 creatures vanquished.

Notes
Turn   | Place    | Note
-------+----------+-------------------------------------------
     0 | D:1      | FunkByte the Armataur Berserker began the quest for the
                  | Orb.
     0 | D:1      | Reached XP level 1. HP: 18/18 MP: 1/1
   133 | D:1      | Found Coesk's General Store.
   242 | D:1      | Reached XP level 2. HP: 24/26 MP: 2/2
   289 | D:1      | Bought a +0 helmet for 45 gold pieces
   783 | D:1      | Reached XP level 3. HP: 27/31 MP: 3/3
  2122 | D:3      | Reached ** piety under Trog
  2128 | D:3      | Reached XP level 4. HP: 34/40 MP: 4/4
  2154 | D:3      | Found a glowing drain.
  2170 | Sewer    | Entered a sewer
  2200 | Sewer    | Noticed a brain worm
  2217 | Sewer    | Killed a brain worm
  2218 | Sewer    | Reached skill level 1 in Long Blades
  2218 | Sewer    | Reached skill level 3 in Armour
  2218 | Sewer    | Reached XP level 5. HP: 30/46 MP: 2/5
  2374 | Sewer    | Reached skill level 1 in Shields
  2527 | D:3      | Reached XP level 6. HP: 42/52 MP: 6/6
  2663 | D:3      | Found a shadowy altar of Dithmenos.
  2927 | D:3      | Found a broken altar of Ashenzari.
  2964 | D:3      | Reached skill level 4 in Armour
  3811 | D:4      | Found a basalt altar of Yredelemnul.
  3937 | D:4      | Gained mutation: You regenerate magic and health when
                  | rolling toward enemies. (Rampage Regen) [Armataur growth]
  3937 | D:4      | Reached XP level 7. HP: 51/59 MP: 7/7
  3993 | D:4      | Reached *** piety under Trog
  4198 | D:4      | Found a faded altar of an unknown god.
  4198 | D:4      | Found the Hermit's Pendant {Faith Invo=14 Evo=0 MP+5}
  4202 | D:4      | Noticed a steam dragon
  4223 | D:4      | Killed a steam dragon
  4223 | D:4      | HP: 1/88 [something (6)]
  4849 | D:5      | Entered Level 5 of the Dungeon
  4849 | D:5      | Noticed Grinder
  4857 | D:5      | Reached skill level 5 in Armour
  4863 | D:5      | Paralysed by Grinder for 2 turns
  4882 | D:5      | Killed Grinder
  4883 | D:5      | Reached skill level 1 in Ranged Weapons
  5024 | D:5      | Found a glowing silver altar of Zin.
  5060 | D:5      | Identified the +6 shortbow of a Labyrinth {freeze, rElec
                  | rC- Will+ Str+3}
  5167 | D:5      | Reached XP level 8. HP: 43/67 MP: 8/8
  5422 | D:5      | HP: 3/67 [killer bee (3)]
  5425 | D:5      | Slain by a killer bee

Illustrated notes

Levels and vault maps discovered:
D:1:      eino_arrival_water_star, layout_loops_ring, serial_shops, shop,
          kennysheep_pointless_box
D:2:      layout_basic
D:3:      layout_basic, nicolae_ashenzari_panopticon, grunt_dithmenos_smoke,
          gup_sewer_entry_bubbles
D:4:      layout_basic, kennysheep_mini_moat, hellmonk_guarded_unrand_hermit
D:5:      layout_loops_ring, nicolae_uskayaw_suspiria,
          mainiacjoe_overflow_24_doors, uniq_grinder

Skill      XL: |  1  2  3  4  5  6  7 |
---------------+----------------------+-----
Fighting       | 3 4 |  4.8
Axes           | 3 |  3.1
Long Blades    | 1 2 3 4 |  4.0
Armour         | 3 4 5 |  5.5
Shields        | 1 2 3 |  3.6
Dodging        | 2 |  2.2
Ranged Weapons | 1 |  1.4
Maces & Flails | |  0.9
Throwing       | |  0.8
Stealth        | |  0.6

Action                     |  1- 3 |  4- 6 |  7- 9 || total
---------------------------+-------+-------+-------++-------
  Melee: Hand axe          |   108 |       |       ||   108
         Tailslap          |    10 |    26 |     3 ||    39
         Long sword        |    15 |   152 |    15 ||   182
         Whip              |       |       |    22 ||    22
   Fire: Sling             |       |       |    13 ||    13
         Shortbow          |       |       |    21 ||    21
  Throw: Dart              |       |     4 |     7 ||    11
 Invoke: Berserk           |     1 |     2 |     2 ||     5
         Trog's Hand       |       |     2 |     5 ||     7
    Use: Scroll            |       |       |     1 ||     1
         Potion            |       |       |     3 ||     3
 Armour: Ring mail         |    49 |       |       ||    49
         Chain mail        |    80 |   185 |    99 ||   364
  Dodge: Dodged            |    69 |    51 |    44 ||   164
  Block: Kite shield       |    17 |    84 |    41 ||   142
